 Dungeon Crawl Stone Soup version 0.30-a0-989-g0d87f670db (webtiles) character file.

Game seed: 15848016472750566736

18 puppykicker the Vexing (level 2, -1/25 HPs)
             Began as a Naga Hexslinger on Apr 3, 2023.
             Slain by a hobgoblin (3 damage)
             ... on level 1 of the Dungeon.
             The game lasted 00:01:39 (406 turns).

puppykicker the Vexing (Naga Hexslinger)             Turns: 406, Time: 00:01:39

Health: -1/25      AC:  2    Str: 12    XL:     2   Next: 70%
Magic:  3/3        EV:  9    Int: 13    God:
Gold:   70         SH:  0    Dex: 11    Spells: 2/3 levels left

rFire   . . .      SeeInvis +    a - +1 sling
rCold   . . .      Faith    .    (no shield)
rNeg    . . .      Spirit   .    c - +1 robe
rPois   +          Reflect  .    (no helmet)
rElec   .          Rampage  .    (no cloak)
rCorr   .                        (no gloves)
Will    .....                    (no barding)
Stlth   +                        (no amulet)
HPRegen 0.24/turn                (no ring)
MPRegen 0.08/turn                (no ring)

@: very slow
A: AC +0, large, see invisible, deformed body, poison resistance, slowness 2,
spit poison 1, naga tail 1
a: Spit Poison


You were on level 1 of the Dungeon.
You visited 1 branch of the dungeon, and saw 1 of its levels.

You collected 70 gold pieces.

Inventory:

Hand Weapons
 a - a +1 sling (weapon)
 b - a +0 short sword
Armour
 c - a +1 robe (worn)
 d - a +0 ring mail
 e - a +0 scale mail
 i - a +0 kite shield
Scrolls
 f - a scroll of enchant armour
 h - a scroll of poison
Potions
 g - 3 potions of curing {unknown}


   Skills:
 - Level 1.0 Fighting
 + Level 2.9 Ranged Weapons
 - Level 1.5 Dodging
 - Level 1.0 Spellcasting
 - Level 3.0 Hexes


You had 2 spell levels left.
You knew the following spells:

 Your Spells              Type           Power      Damage    Failure   Level
s - Slow                  Hex            32%        N/A       9%          1

Your spell library contained the following spells:

 Spells                   Type           Power      Damage    Failure   Level
 Inner Flame              Hex/Fire       4%         N/A       41%         3
 Portal Projectile        Hex/Tloc       8%         N/A       41%         3
 Cause Fear               Hex            4%         N/A       63%         4


Dungeon Overview and Level Annotations

Branches:
Dungeon (1/15)

Altars:


Innate Abilities, Weirdness & Mutations

Your serpentine skin is tough. (AC +0)
You have supernaturally acute eyesight. (SInv)
Armour fits poorly on your strangely shaped body.
Your system is resistant to poisons. (rPois)
You cover ground very slowly.
You can spit poison.
You have a snake-like lower body.


Message History

The hobgoblin barely misses you.
A hobgoblin comes into view.
You take 4 damage, and have 20/25 hp.
You shoot a sling bullet. The sling bullet hits the hobgoblin.
You kill the hobgoblin!
The hobgoblin closely misses you.
You shoot a sling bullet.
The sling bullet barely misses the hobgoblin.
The sling bullet hits the hobgoblin.
You kill the hobgoblin!
The hobgoblin barely misses you. The hobgoblin hits you.
A rat comes into view.
You take 5 damage, and have 15/25 hp.
Unknown command.
The hobgoblin attacks as you move away! The hobgoblin hits you.
* * * LOW HITPOINT WARNING * * *
The hobgoblin hits you.
* * * LOW HITPOINT WARNING * * *
The hobgoblin closely misses you.
You take 3 damage, and have 12/25 hp.
Unknown command.
A rat comes into view.
The hobgoblin attacks as you move away! The hobgoblin hits you.
* * * LOW HITPOINT WARNING * * *
The hobgoblin hits you.
* * * LOW HITPOINT WARNING * * *
The kobold throws a stone.
The stone hits you.
* * * LOW HITPOINT WARNING * * *
You take 7 damage, and have 5/25 hp.
MASSIVE DAMAGE!!
The hobgoblin attacks as you move away! The hobgoblin hits you.
* * * LOW HITPOINT WARNING * * *
The kobold throws a stone.
The stone barely misses you.
You take 3 damage, and have 2/25 hp.
Unknown command.
Okay, then.
As you read the scroll labelled HULOAR HIEG, it crumbles to dust.
It is a scroll of enchant armour.
Your +0 robe glows green for a moment.
The hobgoblin hits you.
You die...

....... # ##r.#.....
....... .. .†.....r.
.......# #. ###.K......
......... #.##....†..?..
.....#...##.....##......
.....# #.....##r##K.....
#.##.. ##...#..........
#+###+###......gg##.....
).'.....+.......@# ###
###+#.#'##...###.#
....+)#.+....# #.#
....#.#.##...# #..
.>..###.#....# ###.
.<..#.#.#.#### #.
....#.#.+.# #.
###'#.#'#.# '.#.....'.#


You could see 2 hobgoblins, a kobold and 2 rats.

Levels and vault maps discovered:
D:1:      shiori_arrival_maze, layout_rooms, minmay_pentomino_t4

Notes
Turn   | Place    | Note
-------+----------+-------------------------------------------
     0 | D:1      | puppykicker the Naga Hexslinger began the quest for the
                  | Orb.
     0 | D:1      | Reached XP level 1. HP: 18/18 MP: 2/2
     6 | D:1      | Identified a +0 ring mail
     6 | D:1      | Identified a +0 scale mail
    55 | D:1      | Identified a +0 club
    73 | D:1      | Identified a +0 short sword
    80 | D:1      | Reached skill level 2 in Ranged Weapons
    87 | D:1      | Reached XP level 2. HP: 25/25 MP: 1/3
   145 | D:1      | Identified a +0 kite shield
   238 | D:1      | Identified a +0 pair of boots
   259 | D:1      | Identified a +0 dagger
   276 | D:1      | HP: 6/25 [goblin/+0 dagger (3)]
   354 | D:1      | Identified a +1 sling
   393 | D:1      | Identified a +0 dagger
   404 | D:1      | HP: 6/25 [hobgoblin (2)]
   405 | D:1      | HP: 2/25 [hobgoblin (3)]
   406 | D:1      | Identified 2 scrolls of enchant armour
   406 | D:1      | Slain by a hobgoblin

Table legend: (Time is in decaauts)
 A = Elapsed time spent in this place.
 B = Non-inter-level travel time spent in this place.
 C = Inter-level travel time spent in this place.
 D = Time resting spent in this place.
 E = Time spent auto-exploring this place.
 F = Levels seen in this place.
 G = Mean time per level.
                   A        B        C        D        E       F      G
               +--------+--------+--------+--------+--------+-----+--------+
         Total |    507 |    458 |     49 |     98 |    262 |   1 |  507.0 |
       Dungeon |    507 |    458 |     49 |     98 |    262 |   1 |  507.0 |
               +--------+--------+--------+--------+--------+-----+--------+

Top non-repeatable levels by time:
     D:1: 507 daAuts

Table legend:
 A = Kills in this place as a percentage of kills in the entire game.
 B = Kills by you in this place as a percentage of kills by you in the entire game.
 C = Kills by friends in this place as a percentage of kills by friends in the entire game.
 D = Other kills in this place as a percentage of other kills in the entire game.
 E = Experience gained in this place as a percentage of experience gained in the entire game.
 F = Experience gained in this place divided by the number of levels of this place that you have seen.
                   A       B       C       D       E      F
               +-------+-------+-------+-------+-------+----------------------
         Total | 100.0 | 100.0 |   N/A |   N/A | 100.0 |  27.0
       Dungeon | 100.0 | 100.0 |   N/A |   N/A | 100.0 |  27.0
               +-------+-------+-------+-------+-------+----------------------

Skill      XL: |  1 |
---------------+----+-----
Ranged Weapons | 2 |  2.9
Fighting       | |  1.0
Dodging        | |  1.5
Spellcasting   | |  1.0
Hexes          | |  3.0

Action                     || total
---------------------------++-------
  Melee: Short sword       ||     5
         Punch             ||     1
   Fire: Sling             ||    42
   Cast: Slow              ||     6
Ability: Spit Poison       ||     1
    Use: Scroll            ||     1
 Armour: Robe              ||     4
  Dodge: Dodged            ||    19

Vanquished Creatures
  A dart slug (D:1)
  3 endoplasms (D:1)
  A goblin (D:1)
  2 hobgoblins (D:1)
  A quokka (D:1)
  3 ball pythons (D:1)
  A bat (D:1)
  A frilled lizard (D:1)
  2 kobolds (D:1)
15 creatures vanquished.
